Map: Echo LE (Void)

Players

DarK

  • Race: Zerg Zerg
  • League: Grandmaster
  • Spawn Location: 11:00

Pokebunny - Winner!

  • Race: Terran Terran
  • League: Grandmaster
  • Spawn Location: 5:00

VOD

Have the link to the VOD?

Description

Time

  • Played on: Dec. 11, 2016, 1:16 a.m.
  • Length: 10:29
Show
View Real Time Build Order
Export as new Build Order

DarK Zerg 

Build Orders: Hatch First 

Get SALT Encoding   

  12  0:00  Drone  
  13  0:13  Overlord  
  13  0:17  Drone  
  14  0:31  Drone x2  
  14  0:35  Drone  
  17  0:52  Hatchery  
  17  0:54  Drone  
  18  0:57  Drone  
  18  0:59  Extractor  
  17  1:12  Spawning Pool  
  17  1:15  Drone  
  17  1:20  Drone  
  18  1:30  Drone  
  19  1:40  Overlord  
  19  1:59  Queen, Metabolic Boost  
  22  2:01  Zergling x4  
  22  2:04  Queen  
  22  2:07  Drone  
  26  2:11  Drone  
  27  2:17  Drone  
  28  2:32  Hatchery  
  28  2:35  Drone  
  28  2:37  Drone  
  28  2:40  Drone  
  30  2:48  Overlord  
  30  2:51  Drone x2  
  32  2:54  Drone  
  33  2:58  Drone  
  34  3:06  Queen  
  34  3:09  Overlord  
  34  3:11  Drone x2  
  39  3:12  Drone  
  39  3:15  Drone  
  40  3:20  Drone x3  
  40  3:23  Drone  
  44  3:34  Drone  
  44  3:37  Lair  
  44  3:39  Drone  
  44  3:40  Extractor  
  45  3:41  Drone, Extractor  
  45  3:43  Drone  
  45  3:45  Roach Warren  
  45  3:49  Drone x3  
  45  3:52  Drone x2  
  51  3:55  Drone  
  51  3:59  Drone  
  51  4:00  Drone x2  
  54  4:04  Overlord  
  54  4:07  Overlord  
  54  4:16  Overlord  
  54  4:24  Roach  
  54  4:25  Roach x5  
  54  4:29  Roach  
  54  4:31  Roach x2  
  72  4:33  Roach  
  74  4:40  Roach x2  
  74  4:41  Roach  
  74  4:42  Roach  
  81  4:50  Spore Crawler  
  80  4:59  Overlord x2  
  80  5:03  Queen  
  80  5:07  Drone  
  80  5:09  Spore Crawler  
  80  5:19  Drone x4  
  80  5:20  Drone x6  
  92  5:21  Roach x2  
  92  5:22  Roach  
  92  5:26  Overlord  
  92  5:27  Glial Reconstitution  
  96  5:31  Overlord x2  
  96  5:33  Overseer  
  94  5:47  Roach  
  94  5:49  Roach x4  
  104  5:54  Overlord  
  104  5:55  Overlord x2  
  104  5:56  Roach  
  106  6:03  Roach  
  108  6:04  Roach  
  108  6:05  Roach x3  
  108  6:10  Roach x2  
  120  6:14  Roach  
  124  6:18  Roach  
  124  6:20  Roach x3  
  124  6:25  Overlord x2  
  130  6:27  Roach  
  130  6:28  Roach x3  
  136  6:46  Roach x6  
  148  6:48  Roach  
  150  6:54  Roach  
  150  6:56  Roach  
  150  6:57  Roach x2  
  150  6:58  Roach  
  160  7:04  Overlord x4  
  126  7:17  Roach x4  
  126  7:21  Roach  
  126  7:22  Roach  
  118  7:23  Roach x2  
  118  7:27  Roach  
  118  7:28  Roach  
  122  7:30  Roach x2  
  122  7:33  Roach  
  122  7:37  Extractor x2, Roach  
  130  7:43  Roach x2  
  132  7:45  Drone x3  
  132  7:46  Drone x3  
  132  7:50  Roach  
  140  7:55  Roach  
  140  7:57  Roach  
  144  7:58  Roach  
  120  8:05  Roach  
  120  8:06  Roach x3  
  120  8:10  Roach x2  
  120  8:12  Zergling x8  
  131  8:13  Zergling x2  
  131  8:14  Extractor, Roach  
  133  8:20  Zergling x2  
  133  8:26  Roach x2  
  134  8:37  Hatchery  
  134  8:40  Hydralisk Den  
  132  8:43  Overseer, Spore Crawler  
  132  8:44  Roach x3  
  132  8:45  Roach x5  
  147  8:52  Drone x2  
  147  8:53  Drone  
  147  8:54  Drone x3  
  151  9:04  Baneling Nest  
  151  9:07  Roach x3  
  153  9:15  Hydralisk  
  153  9:16  Hydralisk x4  
  153  9:29  Roach x7  
  146  9:38  Hydralisk x3  
  106  9:46  Roach  
  106  9:47  Roach  
  106  9:49  Queen  
  106  9:52  Roach x2  
  102  9:56  Roach  
  102  9:58  Roach  
  102  9:59  Roach  
  100  10:02  Roach  
  102  10:09  Roach x2  
Show
View Real Time Build Order
Export as new Build Order

Pokebunny Terran - Winner!

Build Orders: Reaper Expand, MMM Bio 

Get SALT Encoding   

  12  0:01  SCV  
  13  0:13  SCV  
  14  0:18  Supply Depot  
  14  0:25  SCV  
  15  0:39  SCV  
  15  0:40  Barracks  
  16  0:43  Refinery  
  16  0:51  SCV  
  17  1:03  SCV  
  18  1:15  SCV  
  19  1:27  Reaper  
  19  1:28  Orbital Command  
  20  1:40  Command Center  
  20  1:50  Barracks  
  20  1:53  SCV  
  21  2:00  Refinery  
  21  2:02  Barracks Reactor  
  21  2:06  SCV  
  22  2:11  Supply Depot  
  22  2:18  SCV  
  23  2:27  Factory  
  23  2:32  SCV  
  23  2:36  Barracks Tech Lab  
  24  2:38  Marine  
  24  2:39  Marine  
  26  2:44  SCV  
  27  2:53  Orbital Command  
  27  2:56  Stimpack  
  27  3:00  Marine x2  
  27  3:02  Marine  
  27  3:05  SCV  
  31  3:14  Starport  
  31  3:16  Factory Reactor  
  32  3:20  SCV x2  
  32  3:25  Marine  
  32  3:27  Marine  
  34  3:28  Marine  
  34  3:32  SCV x2  
  38  3:38  Supply Depot  
  38  3:45  SCV x2  
  38  3:46  Marine  
  38  3:47  Marine x2  
  43  3:53  Supply Depot  
  43  3:58  Medivac  
  43  3:59  Medivac  
  43  4:00  Widow Mine  
  49  4:03  SCV x2  
  49  4:08  Marine x3  
  54  4:15  Supply Depot  
  54  4:20  Engineering Bay  
  54  4:23  Refinery  
  54  4:26  SCV  
  54  4:27  Barracks, SCV  
  56  4:41  SCV x2  
  57  4:45  Marine  
  57  4:46  Marine x2, Terran Infantry Weapons Level 1  
  57  4:48  Factory Reactor  
  60  4:53  SCV  
  60  4:54  SCV  
  62  5:05  Marine x3  
  63  5:07  SCV x2  
  64  5:14  Supply Depot  
  64  5:15  Barracks  
  64  5:16  Barracks Reactor  
  64  5:17  Barracks, Combat Shields  
  64  5:25  Supply Depot  
  64  5:26  SCV  
  65  5:29  SCV, Refinery  
  66  5:35  Marine  
  66  5:36  Marine x2  
  69  5:47  Cyclone x2  
  69  5:48  Medivac  
  77  5:51  Medivac  
  77  5:56  SCV  
  80  5:57  Supply Depot  
  80  5:58  SCV  
  80  6:02  Marine x2  
  80  6:03  Marine x3  
  86  6:11  Supply Depot  
  86  6:18  Marine x2  
  86  6:20  Marine x2  
  86  6:24  Marine x2  
  92  6:31  Supply Depot  
  98  6:32  Cyclone x2  
  98  6:33  Supply Depot  
  98  6:46  Marine x2  
  97  6:47  Marine x3  
  97  6:48  Marine x2  
  103  7:00  Unknown  
  103  7:02  Medivac  
  103  7:03  Medivac  
  103  7:04  Marine x2, Terran Infantry Armor Level 1, Cyclone x2  
  103  7:16  Supply Depot  
  103  7:17  Supply Depot  
  103  7:18  Marine x3  
  103  7:19  Marine x2  
  103  7:22  Marine  
  107  7:27  Supply Depot  
  107  7:35  Marine  
  107  7:36  Marine x2  
  110  7:38  SCV x2  
  110  7:39  Marine x2  
  110  7:40  Cyclone  
  110  7:43  Cyclone  
  120  7:47  Supply Depot  
  120  7:52  Marine, Supply Depot  
  121  8:00  Marine x2  
  121  8:01  Marine x2  
  111  8:08  Marine  
  111  8:09  Marine  
  111  8:10  Marine  
  105  8:16  Cyclone  
  105  8:18  Marine x3  
  105  8:19  Cyclone  
  111  8:32  Marine x2  
  113  8:34  Medivac x2  
  113  8:37  Marine x4  
  113  8:40  Supply Depot  
  121  8:45  Marine  
  122  8:50  Marine  
  123  8:59  Marine x2  
  123  9:00  Marine x2  
  124  9:12  Marine x2  
  124  9:14  Liberator x2  
  123  9:21  Marine x2  
  122  9:27  Marine x3  
  122  9:30  Marine, Cyclone x2  
  122  9:31  Unknown  
  123  9:38  Marine  
  123  9:39  Marine x2  
  123  9:45  Marine x3  
  122  9:48  Marine  
  122  9:56  Marine x2  
  122  9:57  Marine  
  116  10:02  Command Center  
  116  10:03  Marine x3  
Tags
 
Add a new tag
Caveats
  • Supply blocks, unpowered buildings, or Contaminate may cause inaccurate times.
  • Supply counts are checked every 10 seconds.